 Dungeon Crawl Stone Soup version 0.18.1-8-gdd0e5ea (webtiles) character file.

103 santipi the Grave Robber (level 4, 0/32 HPs)
             Began as a Mummy Necromancer on June 9, 2016.
             Slain by a giant frog skeleton (3 damage)
             ... on level 3 of the Dungeon.
             The game lasted 00:08:34 (2427 turns).

santipi the Grave Robber (Mummy Necromancer)        Turns: 2427, Time: 00:08:35

Health: 0/32       AC:  5    Str: 11    XL:     4   Next: 51%
Magic:  7/8        EV: 13    Int: 15    God:
Gold:   124        SH:  0    Dex: 16    Spells: 1 memorised, 7 levels left

rFire  . . .     SeeInvis .     c - +1 short sword
rCold  + . .     Gourm    .     d - +2 robe {rF+}
rNeg   + + +     Faith    .     (no shield)
rPois  ∞         Spirit   .     (no helmet)
rElec  .         Dismiss  .     g - +0 cloak
rCorr  .         Reflect  .     (no gloves)
SustAt .         Harm     .     (no boots)
MR     .....                    (no amulet)
Stlth  ++........               (no ring)
                                f - +4 ring of dexterity

@: very slightly contaminated, not resistant to hostile enchantments, unstealthy
A: no food or potions, fire vulnerability, cold resistance 1, negative energy
resistance 3, torment resistance, unbreathing
a: no special abilities


You were on level 3 of the Dungeon.
You were not hungry.

You visited 1 branch of the dungeon, and saw 3 of its levels.

You collected 124 gold pieces.

Inventory:

Hand Weapons
 c - a +1 short sword (weapon)
Armour
 d - a +2 robe of fire resistance (worn)
 g - a +0 cloak (worn)
Jewellery
 f - a +4 ring of dexterity (left hand)
Wands
 i - a wand of digging (0/24)
Scrolls
 a - a scroll of identify
 h - a scroll of teleportation {unknown}
Books
 b - a book of Necromancy

   Spells                             Type                      Level
   a - Pain                           Necromancy                   1
   b - Animate Skeleton               Necromancy                   1
   c - Vampiric Draining              Necromancy                   3
   d - Regeneration                   Charms/Necromancy            3
   e - Animate Dead                   Necromancy                   4
   f - Control Undead                 Necromancy                   4


   Skills:
 + Level 1.0 Fighting
 + Level 1.0 Short Blades
 + Level 2.1 Dodging
 + Level 1.9 Stealth
 + Level 2.7 Spellcasting
 + Level 4.6 Necromancy


You had 7 spell levels left.
You knew the following spells:

 Your Spells              Type           Power        Failure   Level  Hunger
a - Pain                  Necr           ###.         3%          1    N/A

Dungeon Overview and Level Annotations

Branches:
Dungeon (3/15)

Altars:
Cheibriados
Pakellas


Innate Abilities, Weirdness & Mutations

You do not eat or drink.
Your flesh is vulnerable to fire.
You are immune to poison.
Your flesh is cold resistant.
You are immune to negative energy.
You are immune to unholy pain and torment.
You can survive without breathing.


Message History

You feel very uncomfortable.
You hit the orc.
The orc is heavily wounded.
The orc closely misses you.
A giant frog skeleton comes into view.
You hit the orc.
You kill the orc!
You puncture the giant frog skeleton!
The giant frog skeleton hits you but does no damage.
The giant frog skeleton misses you.
You hit the giant frog skeleton. The giant frog skeleton hits you.
* * * LOW HITPOINT WARNING * * *
You hit the giant frog skeleton. The giant frog skeleton misses you.
The giant frog skeleton hits you.
* * * LOW HITPOINT WARNING * * *
Read which item? (? for menu, Esc to quit)
As you read the scroll labeled TUTUIR ELYZ, it crumbles to dust.
The creatures around you are filled with an inner flame!
It was a scroll of immolation.
The giant frog skeleton hits you.
You die...

#.##.#..............######
#.##.##.......8......
#.##.###..†..8.8...# #.
#.####...8._.8.#
.......)..8.8..#
..####.....8..$# ##
#.........# ##.....).####
+.@Z..........
#.............
##.##.##.##### #.#### ##
#.# #.# #.+ ###


You could see a giant frog skeleton (inner flame).

Vanquished Creatures
  Ijyb (D:3)
  An adder (D:3)
  A worm (D:2)
  3 dart slugs
  2 giant geckos (D:1)
  An orc (D:3)
  8 bats
  A giant cockroach (D:2)
  7 goblins
  6 hobgoblins
  3 jackals (D:2)
  A quokka (D:2)
  4 giant newts
  7 kobolds
  10 rats
56 creatures vanquished.

Notes
Turn   | Place    | Note
--------------------------------------------------------------
     0 | D:1      | santipi the Mummy Necromancer began the quest for the Orb.
     0 | D:1      | Reached XP level 1. HP: 13/13 MP: 3/3
   213 | D:1      | Reached XP level 2. HP: 7/20 MP: 5/5
   932 | D:2      | Reached XP level 3. HP: 25/25 MP: 0/6
  1188 | D:2      | Found a snail-covered altar of Cheibriados.
  1406 | D:2      | HP: 1/25 [worm (6)]
  2057 | D:2      | Found an oddly glowing altar of Pakellas.
  2311 | D:3      | Noticed Ijyb
  2315 | D:3      | Reached skill level 1 in Fighting
  2315 | D:3      | Reached XP level 4. HP: 29/32 MP: 2/7
  2326 | D:3      | Found a faded altar to an unknown god.
  2346 | D:3      | Killed Ijyb
  2346 | D:3      | Reached skill level 1 in Short Blades
  2427 | D:3      | Slain by a giant frog skeleton

Skill      XL: |  1  2  3  4 |
---------------+-------------+-----
Fighting       | 1 |  1.0
Short Blades   | 1 |  1.0
Dodging        | 2 |  2.1
Stealth        | |  1.9
Spellcasting   | |  2.7
Necromancy     | |  4.6

Action                   |  1- 3 |  4- 6 || total
-------------------------+-------+-------++-------
Melee: Short sword       |   163 |    30 ||   193
       Unarmed           |     5 |       ||     5
 Cast: Pain              |    26 |     5 ||    31
Evoke: Wand              |     1 |       ||     1
  Use: Scroll            |     1 |     2 ||     3
 Stab: Sleeping          |     1 |       ||     1
Armor: Robe              |    75 |    10 ||    85
Dodge: Dodged            |   125 |    19 ||   144
